 Dungeon Crawl Stone Soup version 0.29-a0-330-g52719c12eb (webtiles) character file.

Game seed: 16221987759713709387

2125 HoaS the Quickloader (level 9, -6/58 HPs)
             Began as a Kobold Hunter on May 21, 2022.
             Was a Believer of Makhleb.
             Mangled by a gargoyle
             ... wielding a +0 mace
              (18 damage)
             ... on level 7 of the Dungeon.
             The game lasted 00:15:41 (5644 turns).

HoaS the Quickloader (Kobold Hunter)                Turns: 5644, Time: 00:15:42

Health: -6/58      AC: 15    Str:  8    XL:     9   Next: 54%
Magic:  9/9        EV: 18    Int: 11    God:    Makhleb [**....]
Gold:   339        SH:  0    Dex: 22    Spells: 8/8 levels left

rFire   . . .      SeeInvis .   a - +3 hand crossbow
rCold   . . .      Faith    .   (no shield)
rNeg    . . .      Spirit   .   t - +2 leather armour {rPois}
rPois   +          Reflect  .   r - +0 helmet
rElec   .          Harm     .   u - +0 cloak
rCorr   .          Rampage  .   g - +1 pair of gloves
Will    +....                   o - +0 pair of boots
Stlth   ++++......              n - amulet of regeneration
HPRegen 0.99/turn               d - ring of willpower
MPRegen 0.11/turn               v - +4 ring of protection

@: mighty
A: small, no large weapons, nightstalker 3
a: Renounce Religion, Minor Destruction


You were on level 7 of the Dungeon.
You worshipped Makhleb.
Makhleb was pleased with you.
You visited 2 branches of the dungeon, and saw 8 of its levels.

You collected 460 gold pieces.
You spent 121 gold pieces at shops.

Inventory:

Hand Weapons
 a - a +3 hand crossbow (weapon)
Missiles
 i - a throwing net
Armour
 g - a +1 pair of gloves (worn)
 o - a +0 pair of boots (worn)
 r - a +0 helmet (worn)
 t - a +2 leather armour of poison resistance (worn)
 u - a +0 cloak (worn)
Jewellery
 d - a ring of willpower (left hand)
 f - a ring of positive energy
 n - an amulet of regeneration (around neck)
 v - a +4 ring of protection (right hand)
Wands
 b - a wand of charming (5)
 h - a wand of flame (21)
Scrolls
 c - a scroll of immolation
 k - a scroll of fog
 s - a scroll of fear
Potions
 e - 2 potions of resistance
 j - a potion of might
 l - a potion of attraction {unknown}
 p - a potion of ambrosia {unknown}
 q - 2 potions of curing {unknown}


   Skills:
 * Level 7.7 Fighting
 - Level 10.0 Crossbows
 + Level 3.6 Armour
 + Level 6.1 Dodging
 - Level 5.0 Stealth


You had 8 spell levels left.
You didn't know any spells.
Your spell library contained the following spells:

 Spells                   Type           Power      Damage    Failure   Level
 Sandblast                Erth           0%         2d4       45%         1
 Passwall                 Tmut/Erth      0%         N/A       58%         2
 Stone Arrow              Conj/Erth      0%         3d7       83%         3
 Summon Guardian Golem    Hex/Summ       0%         N/A       83%         3
 Orb of Destruction       Conj           0%         9d5       100%        7
 Spellforged Servitor     Conj/Summ      0%         N/A       100%        7


Dungeon Overview and Level Annotations

Branches:
Dungeon (7/15)             Temple (1/1) D:6

Altars:
Ashenzari
Cheibriados
Dithmenos
Elyvilon
Fedhas
Gozag
Makhleb
Qazlal
Wu Jian
Yredelemnul
Zin
The Shining One

Shops:
D:4 [**


Innate Abilities, Weirdness & Mutations

You are small and have problems with some larger weapons.
You are completely attuned to the shadows.


Message History

Aim: a gargoyle, wielding a +0 mace (heavily damaged, 83% to hit)
You shoot a bolt. The bolt hits the gargoyle.
The gargoyle is severely damaged.
The gargoyle completely misses you.
Shoot: a) +3 hand crossbow
Press: ? - help, Q - select action, (/) - cycle Shift-Dir - straight line, f/p - gargoyle
Aim: a gargoyle, wielding a +0 mace (severely damaged, 83% to hit)
You shoot a bolt. The bolt hits the gargoyle.
The gargoyle is severely damaged.
The gargoyle hurls a stone arrow at you.
The stone arrow hits you!
* * * LOW HITPOINT WARNING * * *
The gargoyle closely misses you.
Shoot: a) +3 hand crossbow
Press: ? - help, Q - select action, (/) - cycle Shift-Dir - straight line, f/p - gargoyle
Aim: a gargoyle, wielding a +0 mace (severely damaged, 83% to hit)
You shoot a bolt.
The bolt hits the gargoyle but does no damage.
The gargoyle is severely damaged.
The gargoyle hits you but does no damage.
Shoot: a) +3 hand crossbow
Press: ? - help, Q - select action, (/) - cycle Shift-Dir - straight line, f/p - gargoyle
Aim: a gargoyle, wielding a +0 mace (severely damaged, 83% to hit)
You shoot a bolt.
The bolt hits the gargoyle but does no damage.
The gargoyle is severely damaged.
The gargoyle hits you but does no damage.
Shoot: a) +3 hand crossbow
Press: ? - help, Q - select action, (/) - cycle Shift-Dir - straight line, f/p - gargoyle
Aim: a gargoyle, wielding a +0 mace (severely damaged, 83% to hit)
You shoot a bolt. The bolt barely misses the gargoyle.
The gargoyle misses you.
Shoot: a) +3 hand crossbow
Press: ? - help, Q - select action, (/) - cycle Shift-Dir - straight line, f/p - gargoyle
Aim: a gargoyle, wielding a +0 mace (severely damaged, 83% to hit)
You shoot a bolt.
The bolt hits the gargoyle but does no damage.
The gargoyle is severely damaged.
The gargoyle hits you with a +0 mace!!
You die...

## ####8.#
##.@9..+
#..8#..#
#.####+###
#)#[(/:[$#
#.########.
#..8#).#8.o
##..†).'..#
####)8####
##'##..


You could see a gargoyle.

Vanquished Creatures
  A kobold demonologist (D:7)
  Sigmund (D:4)
  A water moccasin (D:3)
  Duvessa (D:4)
  An orc warrior (D:5)
  An ice beast (D:7)
  A sky beast (D:6)
  An ogre (D:5)
  A kobold brigand (D:6)
  3 bullfrogs
  3 necrophages
  2 scorpions
  Dowan (D:4)
  3 hounds
  A gnoll shaman (D:6)
  2 jellies
  An iguana (D:4)
  12 gnolls
  5 adders
  A shadow imp (D:5)
  2 white imps (D:6)
  2 ufetubi
  2 worms (D:2)
  A dart slug (D:3)
  15 orcs
  4 ball pythons
  5 bats
  4 endoplasms
  4 giant cockroaches
  8 goblins
  7 hobgoblins
  10 jackals
  13 kobolds
  7 quokkas
  3 frilled lizards
  5 rats
135 creatures vanquished.

Notes
Turn   | Place    | Note
-------+----------+-------------------------------------------
     0 | D:1      | HoaS the Kobold Hunter began the quest for the Orb.
     0 | D:1      | Reached XP level 1. HP: 12/12 MP: 1/1
   253 | D:1      | Reached XP level 2. HP: 17/17 MP: 2/2
   258 | D:1      | Reached skill level 6 in Crossbows
   561 | D:1      | Found a faded altar of an unknown god.
   786 | D:2      | Reached XP level 3. HP: 21/21 MP: 3/3
   990 | D:2      | Found a burning altar of Makhleb.
   995 | D:2      | Became a worshipper of Makhleb the Destroyer
  1173 | D:2      | Reached skill level 7 in Crossbows
  1173 | D:2      | Reached XP level 4. HP: 26/26 MP: 4/4
  1960 | D:3      | Noticed a water moccasin
  2150 | D:3      | Killed a water moccasin
  2151 | D:3      | Reached skill level 9 in Crossbows
  2151 | D:3      | Reached XP level 5. HP: 13/30 MP: 5/5
  2151 | D:3      | Reached XP level 6. HP: 16/35 MP: 6/6
  2707 | D:3      | Reached * piety under Makhleb
  2785 | D:4      | Found the +6 shillelagh "Devastator" {shatter}
  2815 | D:4      | Found Eduonk Jupp's Specific Store.
  2815 | D:4      | Found Athrogeck's General Store.
  2824 | D:4      | Bought a potion of heal wounds for 55 gold pieces
  2824 | D:4      | Bought a scroll of teleportation for 33 gold pieces
  2824 | D:4      | Bought a scroll of teleportation for 33 gold pieces
  2899 | D:4      | Noticed Dowan
  2908 | D:4      | Noticed Duvessa
  2960 | D:5      | Entered Level 5 of the Dungeon
  3024 | D:4      | Reached skill level 10 in Crossbows
  3086 | D:5      | Reached XP level 7. HP: 40/40 MP: 7/7
  3260 | D:5      | Reached skill level 1 in Armour
  3295 | D:5      | Noticed a wyvern
  3398 | D:5      | Reached XP level 8. HP: 48/48 MP: 8/8
  3657 | D:4      | Reached ** piety under Makhleb
  3780 | D:4      | Noticed Sigmund
  3788 | D:4      | Killed Sigmund
  4230 | D:4      | Killed Duvessa
  4231 | D:4      | Reached skill level 5 in Fighting
  4236 | D:4      | Killed Dowan
  4256 | D:4      | Found Hadad's Dragon-Slaying Spoils.
  4347 | D:6      | Found a staircase to the Ecumenical Temple.
  4359 | Temple   | Entered the Ecumenical Temple
  4798 | D:6      | Reached skill level 5 in Stealth
  4917 | D:6      | Reached skill level 5 in Dodging
  4917 | D:6      | Reached XP level 9. HP: 53/55 MP: 9/9
  5602 | D:7      | Noticed a kobold demonologist
  5607 | D:7      | Noticed a red devil
  5617 | D:7      | Noticed an ice devil
  5617 | D:7      | Killed a kobold demonologist
  5626 | D:7      | Noticed a gargoyle
  5644 | D:7      | Mangled by a gargoyle

Illustrated notes

Levels and vault maps discovered:
D:1:      evilmike_arrival_hilbert_curve, layout_rooms,
          shapermc_ecumenical_altar_gd, dk_noncrumbling_4, minmay_pentomino_t4
D:2:      minmay_evil_eye, layout_basic, basic_altar, grunt_ministairs_10
D:3:      layout_loops_corners, dk_noncrumbling_2, nicolae_figureground_pulse
D:4:      layout_loops_ring, chequers_serial_rivers_marsh,
          nicolae_specific_store, chequers_serial_rivers_room_b,
          minmay_misc_feat_tower, nicolae_shop_dragon_depot, uniq_duvessa,
          uniq_sigmund
D:5:      layout_rooms
D:6:      layout_basic, minmay_temple_entry_steel_oval, minivault_10,
          grunt_ministairs_5
D:7:      minmay_chambers_of_sixes, layout_basic, due_unseen_surprise,
          uniq_maggie, uniq_pikel
Temple:   mainiacjoe_temple_hex_bubbles

Skill      XL: |  1  2  3  4  5  6  7  8  9 |
---------------+----------------------------+-----
Crossbows      | 6 7 9 10 | 10.0
Fighting       | 4 6 7 |  7.7
Dodging        | 3 5 6 |  6.1
Stealth        | 3 5 |  5.0
Armour         | 1 2 3 |  3.6

Action                   |  1- 3 |  4- 6 |  7- 9 || total
-------------------------+-------+-------+-------++-------
Melee: Hand crossbow     |       |       |     1 ||     1
 Fire: Hand crossbow     |    75 |   120 |   262 ||   457
  Use: Scroll            |     6 |     8 |     5 ||    19
       Potion            |       |       |     6 ||     6
Armor: Leather armour    |     7 |    13 |    43 ||    63
Dodge: Dodged            |    24 |    54 |   115 ||   193

Table legend: (Time is in decaauts)
 A = Elapsed time spent in this place.
 B = Non-inter-level travel time spent in this place.
 C = Inter-level travel time spent in this place.
 D = Time resting spent in this place.
 E = Time spent auto-exploring this place.
 F = Levels seen in this place.
 G = Mean time per level.
                   A        B        C        D        E       F      G
               +--------+--------+--------+--------+--------+-----+--------+
         Total |   5697 |   5348 |    349 |    282 |   4111 |   8 |  712.1 |
       Dungeon |   5551 |   5252 |    299 |    282 |   4022 |   7 |  793.0 |
        Temple |    146 |     96 |     50 |      0 |     89 |   1 |  146.0 |
               +--------+--------+--------+--------+--------+-----+--------+

Top non-repeatable levels by time:
     D:3: 1283 daAuts
     D:6: 1048 daAuts
     D:4: 976 daAuts
     D:1: 788 daAuts
     D:2: 740 daAuts
     D:5: 598 daAuts
  Temple: 146 daAuts
     D:7: 115 daAuts
